 Dungeon Crawl Stone Soup version 0.27.1-33-g824d729ab1 (webtiles) character file.

Game seed: 6965525212221837153

613 zeram the Chopper (level 7, -8/57 HPs)
             Began as a Hill Orc Fighter on Dec 26, 2021.
             Mangled by an ogre (25 damage)
             ... on level 5 of the Dungeon.
             The game lasted 00:03:55 (4278 turns).

zeram the Chopper (Hill Orc Fighter)                Turns: 4278, Time: 00:03:56

Health: -8/57      AC: 11    Str: 27    XL:     7   Next: 44%
Magic:  7/7        EV:  8    Int:  8    God:
Gold:   190        SH: 10    Dex: 10    Spells: 6/6 levels left

rFire    . . .     SeeInvis .   n - +1 hand axe (vorpal)
rCold    . . .     Faith    .   c - +0 kite shield
rNeg     . . .     Spirit   .   b - +0 scale mail
rPois    .         Reflect  .   (no helmet)
rElec    .         Harm     .   (no cloak)
rCorr    .         Rampage  .   y - +2 pair of gloves {Stlth+}
Will     .....                  f - +0 pair of boots
Stlth    +.........             (no amulet)
HPRegen  0.19/turn              e - +6 ring of strength
MPRegen  0.10/turn              h - +4 ring of slaying

@: no status effects
A: no striking features
a: no special abilities


You were on level 5 of the Dungeon.
You visited 1 branch of the dungeon, and saw 5 of its levels.

You collected 190 gold pieces.

Inventory:

Hand Weapons
 a - a +1 war axe
 n - a +1 vorpal hand axe (weapon)
Armour
 b - a +0 scale mail (worn)
 c - a +0 kite shield (worn)
 f - a +0 pair of boots (worn)
 y - a +2 pair of gloves of stealth (worn)
Jewellery
 e - a +6 ring of strength (left hand)
 h - a +4 ring of slaying (right hand)
 o - a ring of see invisible
 s - a ring of protection from fire
 u - a +6 ring of dexterity
Wands
 t - a wand of paralysis (8)
Scrolls
 g - a scroll of fear
 p - a scroll of teleportation
 r - a scroll of magic mapping {unknown}
 w - a scroll of identify {unknown}
Potions
 d - a potion of might
 i - a potion of curing {unknown}
 j - a potion of berserk rage {unknown}
 k - a potion of attraction {unknown}
 l - 2 potions of cancellation {unknown}
 m - 2 potions of brilliance {unknown}
 q - 2 potions of heal wounds {unknown}
 v - a potion of invisibility {unknown}
 x - a potion of haste {unknown}


   Skills:
 - Level 3.6 Fighting
 + Level 7.3 Axes
 + Level 5.4 Armour
 + Level 1.4 Dodging
 + Level 5.1 Shields


You had 6 spell levels left.
You didn't know any spells.
Your spell library was empty.

Dungeon Overview and Level Annotations

Branches:
Dungeon (5/15)
 Temple: D:4-7

Altars:
Yredelemnul
The Shining One

Shops:
D:2 :


Message History

An ogre comes into view. It is wielding a +0 giant club.
You barely miss the hound zombie.
The hound zombie bites you but does no damage.
You slash the hound zombie!
The hound zombie is heavily damaged.
The hound zombie bites you but does no damage.
The hound zombie bites you.
You hit the hound zombie.
The hound zombie is severely damaged.
The hound zombie bites you but does no damage.
You hit the hound zombie but do no damage.
The hound zombie is severely damaged.
You barely miss the ogre. You block the hound zombie's attack.
The ogre hits you with a +0 giant club!!
You block the hound zombie's attack.
You slash the hound zombie!
You destroy the hound zombie!
You slash the ogre! The ogre barely misses you.
You slash the ogre!
The ogre is severely wounded.
The ogre hits you with a +0 giant club!
* * * LOW HITPOINT WARNING * * *
You are too injured to fight recklessly!
You are too injured to fight recklessly!
You are too injured to fight recklessly!
You are too injured to fight recklessly!
You are too injured to fight recklessly!
You are too injured to fight recklessly!
You are too injured to fight recklessly!
You are too injured to fight recklessly!
You are too injured to fight recklessly!
You are too injured to fight recklessly!
You are too injured to fight recklessly!
You are too injured to fight recklessly!
You are too injured to fight recklessly!
You are too injured to fight recklessly!
You barely miss the ogre.
The ogre is severely wounded.
The ogre hits you with a +0 giant club!!
You die...

#.........#
##.........#
#..........#
##..........#
#...........
#..........#
..#.....O..#
#........@#
#........#
#.......##
###....##
###..##
###.###
##..## ##..##
##..#


You could see an ogre.

Vanquished Creatures
  A sky beast (D:5)
  2 ogres
  A phantom (D:5)
  Jessica (D:2)
  A centaur skeleton (D:4)
  Natasha (D:3)
  Terence (D:3)
  Ijyb (D:3)
  A hound zombie (D:5)
  4 adders
  An adder skeleton (D:3)
  2 worms
  2 dart slugs
  12 orcs
  3 ball pythons
  6 endoplasms
  3 giant cockroaches
  4 goblins
  4 hobgoblins
  6 jackals
  5 quokkas
  2 bats
  3 frilled lizards
  8 kobolds
  6 rats
81 creatures vanquished.

Notes
Turn   | Place    | Note
-------+----------+-------------------------------------------
     0 | D:1      | zeram the Hill Orc Fighter began the quest for the Orb.
     0 | D:1      | Reached XP level 1. HP: 19/19 MP: 1/1
   207 | D:1      | Reached XP level 2. HP: 25/26 MP: 2/2
   291 | D:1      | Found a faded altar of an unknown god.
   399 | D:1      | Reached skill level 3 in Axes
  1053 | D:1      | Reached XP level 3. HP: 27/31 MP: 3/3
  1243 | D:2      | Noticed Jessica
  1245 | D:2      | Killed Jessica
  1442 | D:2      | Reached XP level 4. HP: 39/39 MP: 4/4
  2132 | D:2      | Found Cacluyso's Book Boutique.
  2395 | D:3      | Reached skill level 4 in Axes
  2564 | D:3      | Noticed Terence
  2574 | D:3      | Killed Terence
  2575 | D:3      | Reached XP level 5. HP: 23/45 MP: 5/5
  2811 | D:3      | Noticed an ogre
  2817 | D:3      | Killed an ogre
  2818 | D:3      | Reached skill level 5 in Axes
  2818 | D:3      | Reached skill level 1 in Dodging
  2837 | D:3      | Noticed Ijyb
  2838 | D:3      | Paralysed by Ijyb for 5 turns
  2845 | D:3      | Killed Ijyb
  2846 | D:3      | Reached XP level 6. HP: 45/51 MP: 6/6
  3157 | D:3      | Noticed Natasha
  3162 | D:3      | Killed Natasha
  3216 | D:3      | Found a basalt altar of Yredelemnul.
  3381 | D:4      | Reached skill level 5 in Armour
  3622 | D:4      | Found a glowing golden altar of the Shining One.
  3894 | D:4      | Reached skill level 6 in Axes
  4016 | D:5      | Entered Level 5 of the Dungeon
  4199 | D:5      | Noticed a sky beast
  4210 | D:5      | Killed a sky beast
  4211 | D:5      | Reached skill level 5 in Shields
  4211 | D:5      | Reached XP level 7. HP: 57/57 MP: 7/7
  4263 | D:5      | Reached skill level 7 in Axes
  4278 | D:5      | Mangled by an ogre

Illustrated notes

Levels and vault maps discovered:
D:1:      ncdulo_halloftheorcs, layout_basic, shapermc_ecumenical_altar_ellora,
          minmay_misc_feat_roman, minmay_split_cup_large
D:2:      layout_basic, serial_shops, shop, uniq_jessica
D:3:      layout_basic, lemuel_coloured_pillars_altar, uniq_natasha,
          uniq_terence, uniq_ijyb
D:4:      layout_basic, tso_oasis_becter, minmay_unequal
D:5:      kennysheep_big_flooded_room, layout_cave_pods,
          nemelex_dance_club_becter, minmay_temple_entry_hall, serial_shops,
          nicolae_lakefront_shop, uniq_menkaure

Skill      XL: |  1  2  3  4  5  6  7 |
---------------+----------------------+-----
Axes           | 3 4 5 6 7 |  7.3
Armour         | 4 5 |  5.4
Shields        | 4 5 |  5.1
Dodging        | 1 |  1.4
Fighting       | |  3.6

Action                   |  1- 3 |  4- 6 |  7- 9 || total
-------------------------+-------+-------+-------++-------
Melee: War axe           |    73 |    87 |       ||   160
       Hand axe          |       |    39 |    12 ||    51
  Use: Scroll            |     1 |     3 |       ||     4
Armor: Scale mail        |    22 |    49 |     4 ||    75
Dodge: Dodged            |    31 |    47 |     2 ||    80
Block: Kite shield       |    38 |    69 |     4 ||   111
